Map: Mist Opportunities

Players

wasp

  • Race: Protoss Protoss

larsgj

  • Race: Terran Terran

VOD

Have the link to the VOD?

Description

Time

  • Played on: Oct. 2, 2018, 8:50 a.m.
  • Length: 27:35
Show
View Real Time Build Order
Export as new Build Order

wasp Protoss 

Build Orders:  

Get SALT Encoding   

  1  0:00  Probe x12 (Chrono Boost)  
    0:14  Unknown x3  
  12  0:34  Pylon  
  12  0:50  Pylon  
  12  1:04  Gateway  
  12  1:22  Forge  
  12  1:40  Assimilator  
  12  1:46  Assimilator  
  12  2:07  Gateway  
  12  2:19  Supplicant x2  
  16  2:46  Cybernetics Core  
  16  3:13  Supplicant x2  
  20  3:41  Supplicant x2  
  24  3:58  Pylon  
  24  4:28  Photon Cannon  
  24  4:37  Photon Cannon  
  24  4:44  Photon Cannon  
  24  4:54  Photon Cannon  
  24  5:10  Supplicant x2  
  28  6:31  Supplicant x2  
  28  6:32  Supplicant x2  
  36  6:54  Photon Cannon  
  36  7:17  Pylon  
  36  7:42  Supplicant x4  
  36  7:43  Probe (Chrono Boost)  
  45  7:55  Warp Gate  
  45  7:57  Probe (Chrono Boost)  
  46  8:11  Probe (Chrono Boost)  
  47  9:31  Probe (Chrono Boost)  
  44  9:44  Probe (Chrono Boost)  
  33  11:30  Supplicant x4  
  41  11:57  Slayer  
  33  12:40  Slayer  
  33  12:41  Slayer  
  17  16:09  Supplicant x2  
  21  16:10  Supplicant x2  
  25  16:31  Slayer x2  
  21  17:21  Slayer  
  21  17:22  Slayer  
  25  18:03  Gateway  
  25  18:13  Death Council  
  25  18:24  Robotics Facility  
  25  18:28  Havoc  
  26  18:35  Slayer  
  22  19:40  Slayer  
  19  20:27  Supplicant x2  
  19  20:28  Supplicant x2  
  25  20:30  Supplicant x2  
  17  21:21  Slayer x2  
  17  21:22  Slayer  
  17  22:20  Blood Shields  
  17  22:24  Slayer x3  
  23  23:20  Phase Blink  
  23  23:21  Slayer  
  23  23:22  Slayer x2  
  29  24:01  Warp Prism  
  31  24:17  Supplicant x2  
  35  24:20  Supplicant x2  
  35  24:22  Slayer  
  41  24:45  Slayer  
  41  24:46  Slayer  
  45  24:51  Warp Prism  
  47  25:55  Warp Prism  
  21  26:57  Slayer x2  
  21  26:58  Slayer  
Show
View Real Time Build Order
Export as new Build Order

larsgj Terran 

Build Orders:  

Get SALT Encoding   

  1  0:00  Orbital Command, SCV x12  
    0:14  Unknown  
    0:18  SCV  
  13  0:35  Supply Depot  
  13  0:40  SCV  
  14  0:57  SCV  
  15  1:08  Barracks  
  15  1:14  SCV  
  16  1:31  SCV  
  17  1:42  Marine  
  17  1:48  SCV  
  19  1:56  Supply Depot  
  19  2:04  Marine, SCV  
  21  2:14  Marine  
  22  2:21  Supply Depot  
  22  2:35  Supply Depot  
  22  2:39  Marine  
  23  2:54  SCV  
  23  2:55  Refinery  
  24  3:07  Supply Depot  
  24  3:11  SCV  
  25  3:28  SCV  
  25  3:29  Barracks  
  26  3:40  Supply Depot  
  26  3:44  Marine  
  26  3:45  SCV  
  28  3:54  Marine  
  29  4:02  SCV  
  29  4:04  Marine  
  31  4:15  Refinery  
  31  4:19  SCV  
  32  4:28  Barracks  
  32  4:29  Barracks Tech Lab  
  32  4:34  Barracks Tech Lab  
  32  4:36  SCV  
  33  4:53  SCV  
  34  5:10  SCV  
  35  5:27  SCV  
  36  5:32  Marine  
  36  5:33  Marine  
  36  5:39  Barracks Tech Lab  
  37  5:43  Marine x2  
  37  5:44  SCV  
  40  5:53  Marine x2  
  40  5:57  Marine  
  40  6:00  SCV  
  40  6:03  Marine  
  40  6:07  Marine  
  42  6:13  Engineering Bay  
  42  6:17  SCV  
  44  6:20  Factory  
  44  6:21  Unknown  
  44  6:34  SCV  
  45  6:51  SCV  
  45  6:52  Command Center  
  46  7:00  Terran Infantry Weapons Level 1  
  46  7:08  SCV  
  47  7:18  Stabilizer Medpacks  
  47  7:25  SCV  
  48  7:42  SCV  
  49  7:53  Armory  
  49  7:59  SCV  
  50  8:03  Starport  
  50  8:16  SCV  
  50  8:18  Marine  
  50  8:19  Marine x2  
  51  8:29  Marine x2  
  53  9:05  Marine  
  53  9:06  Marine x2  
  56  9:15  Marine  
  56  9:16  Marine x2  
  56  9:18  Supply Depot  
  59  9:25  Marine  
  59  9:26  Marine x2  
  62  9:34  Supply Depot  
  62  9:36  Marine x2  
  62  9:37  Starport Tech Lab  
  64  9:40  Terran Infantry Armor Level 1  
  64  9:44  Supply Depot  
  60  10:26  Refinery  
  58  10:45  Marine  
  58  10:46  Marine x2  
  61  10:55  Supply Depot  
  61  10:56  Marine x3  
  64  11:01  SCV  
  64  11:06  Marine x3  
  68  11:16  Marine  
  68  11:17  Marine x2  
  68  11:18  SCV  
  72  11:24  Fusion Core  
  72  11:26  Marine  
  72  11:27  Marine x2  
  73  11:48  Refinery  
  73  12:11  Supply Depot  
  73  12:29  SCV  
  74  12:41  Marine x3  
  74  12:46  SCV  
  78  12:51  Marine x3  
  81  13:01  Marine  
  81  13:02  Marine x2  
  81  13:03  SCV  
  85  13:11  Marine  
  85  13:12  Marine x2  
  88  13:20  SCV  
  88  13:21  Marine  
  88  13:22  Marine x2  
  90  13:31  Marine  
  90  13:32  Marine x2  
  90  13:37  SCV  
  94  13:42  Marine x2, Medic  
  97  13:52  Marine, Medic x2  
  97  13:54  SCV  
  96  14:11  SCV  
  97  14:28  SCV  
  98  14:40  Marine  
  98  14:41  Marine x2  
  98  14:45  SCV  
  102  14:51  Medic x3  
  108  15:01  Marine, Medic x2  
  113  15:11  Marine x2, Medic  
  117  15:21  Marine  
  104  16:02  Starport, Terran Vehicle and Ship Weapons Level 1  
  104  16:04  Terran Infantry Weapons Level 2  
  104  16:09  Weapon Refit  
  104  16:18  Supply Depot  
  104  16:19  SCV  
  105  16:36  SCV  
  105  16:39  Orbital Command  
  106  16:47  Marine x3  
  107  16:50  Supply Depot  
  107  16:53  SCV  
  107  16:57  Marine, Medic x2  
  115  17:10  SCV  
  115  17:44  Starport Tech Lab  
  115  17:50  Starport  
  115  17:52  Battlecruiser  
  121  18:12  Battlecruiser  
  127  18:26  SCV  
  128  18:31  SCV  
  129  18:42  Terran Vehicle And Ship Armor Level 1  
  129  18:43  SCV  
  129  18:48  SCV  
  131  18:50  Supply Depot  
  131  19:00  SCV  
  131  19:05  SCV  
  133  19:14  Terran Infantry Armor Level 2  
  133  19:17  SCV  
  133  19:18  Battlecruiser  
  134  19:22  SCV  
  134  19:23  Supply Depot  
  141  19:34  SCV  
  141  19:39  SCV  
  119  19:54  Supply Depot  
  112  20:50  Battlecruiser  
  112  20:51  Battlecruiser  
  112  20:56  Starport Tech Lab  
  124  21:33  Battlecruiser x2  
  110  22:09  Battlecruiser  
  105  22:16  Battlecruiser x2  
  123  22:24  Structure Armor  
  123  22:34  Neosteel Frame  
  123  22:52  Battlecruiser  
  123  22:58  Battlecruiser  
  123  22:59  Battlecruiser  
  129  23:03  Terran Vehicle and Ship Weapons Level 2  
  141  23:34  Battlecruiser  
  147  23:41  Battlecruiser  
  153  24:39  Supply Depot x2  
  153  25:05  Battlecruiser  
Tags
 
Add a new tag
Caveats
  • Supply blocks, unpowered buildings, or Contaminate may cause inaccurate times.
  • Supply counts are checked every 10 seconds.